 Dungeon Crawl Stone Soup version 0.30-a0-578-gdee14c521f (webtiles) character file.

Game seed: 14200294644259456747

505 wormed the Covert (level 7, 0/44 HPs)
             Began as a Kobold Delver on Jan 1, 2023.
             Slain by a two-headed ogre
             ... wielding a +0 giant spiked club
              (17 damage)
             ... on level 6 of the Dungeon.
             The game lasted 00:05:01 (4358 turns).

wormed the Covert (Kobold Delver)                   Turns: 4358, Time: 00:05:01

Health: 0/44       AC:  5    Str: 10    XL:     7   Next: 41%
Magic:  7/7        EV: 17    Int: 11    God:
Gold:   245        SH:  5    Dex: 22    Spells: 6/6 levels left

rFire   . . .      SeeInvis .    a - +0 short sword
rCold   . . .      Faith    .    (no shield)
rNeg    + . .      Spirit   .    y - +1 leather armour of Muttered Phrases {Regen+ Dex+4}
rPois   .          Reflect  +    (no helmet)
rElec   .          Harm     .    (no cloak)
rCorr   .          Rampage  .    (no gloves)
Will    .....                    j - +0 pair of boots
Stlth   +++++                    i - amulet of reflection
HPRegen 1.07/turn                l - ring of positive energy
MPRegen 0.10/turn                q - ring of wizardry

@: no status effects
A: small, no large weapons, nightstalker 3
a: no special abilities


You were on level 6 of the Dungeon.
You visited 1 branch of the dungeon, and saw 5 of its levels.

You collected 245 gold pieces.

Inventory:

Hand Weapons
 a - a +0 short sword (weapon)
Missiles
 p - a throwing net (quivered)
 w - 10 poisoned darts
Armour
 b - a +0 leather armour
 j - a +0 pair of boots (worn)
 y - the +1 leather armour of Muttered Phrases (worn) {Regen+ Dex+4}
   (You found it on level 5 of the Dungeon)

   Dex:       It affects your dexterity (+4).
   Regen:     It increases your rate of health regeneration.
 z - a scarf of repulsion
Jewellery
 i - an amulet of reflection (around neck)
 l - a ring of positive energy (left hand)
 q - a ring of wizardry (right hand)
 s - a +4 ring of protection
 u - a ring of flight
 v - a +6 ring of dexterity
Wands
 g - a wand of digging (3)
Scrolls
 c - a scroll of fog
 m - a scroll of enchant armour {unknown}
 r - 3 scrolls of identify {unknown}
 t - a scroll of poison {unknown}
Potions
 d - 3 potions of curing
 e - a potion of flight {unknown}
 f - 3 potions of haste
 h - 2 potions of cancellation {unknown}
 k - 2 potions of mutation {unknown}
 n - a potion of experience {unknown}
 o - 2 potions of heal wounds {unknown}
 x - a potion of degeneration {unknown}


   Skills:
 + Level 4.8 Fighting
 * Level 6.6 Short Blades
 + Level 4.6 Dodging
 + Level 8.1 Stealth


You had 6 spell levels left.
You didn't know any spells.
Your spell library contained the following spells:

 Spells                   Type           Power      Damage    Failure   Level
 Apportation              Tloc           0%         N/A       19%         1
 Necrotise                Necr           0%         1d4       19%         1
 Summon Small Mammal      Summ           0%         N/A       19%         1


Dungeon Overview and Level Annotations

Branches:
Dungeon (6/15)
 Temple: D:4-7

Altars:
Elyvilon
Hepliaklqana
Okawaru
Sif Muna
Trog
Vehumet

Shops:
D:4 !   D:6 ?

Annotations:
D:3 3 runed translucent doors
D:5 3 runed translucent doors, Wiilli's ghost, amateur GrEE


Innate Abilities, Weirdness & Mutations

You are small and have problems with some larger weapons.
You are completely attuned to the shadows.


Message History

You climb downwards.
You block the orc's attack. The orc closely misses you.
There is a stone staircase leading up here.
You hit the orc.
The orc is severely wounded.
You hit the orc.
You kill the orc!
No target in view!
No target in view!
Found a stone staircase leading down.
You now have 245 gold pieces (gained 8).
A white imp comes into view.
A white imp is nearby!
A white imp is nearby!
A white imp is nearby!
The helpless white imp fails to defend itself.
You spit the white imp like a pig!!!
You kill the white imp!
Found Fynk's Magic Scroll Emporium.
Found a stone staircase leading down.
An orc and an orc wizard come into view.
The orc moves out of view.
An orc wizard is nearby!
An orc comes into view. It is wielding a +0 flail. x2
A two-headed ogre comes into view.
It is wielding a +0 giant spiked club and a +0 giant club.
Found 8 gold pieces.
The orc completely misses you. The orc attacks as you move away!
You block the orc's attack.
The two-headed ogre shouts in stereo!
The orc attacks as you move away! The orc completely misses you.
There is a stone staircase leading down here.
The orc attacks as you move away! The orc barely misses you.
You see here a scarf of repulsion.
z - a scarf of repulsion The orc misses you.
You closely miss the orc. The orc hits you with a +0 flail.
The orc completely misses you.
The two-headed ogre hits you with a +0 giant spiked club!!
The two-headed ogre hits you with a +0 giant club.
The two-headed ogre hits you with a +0 giant spiked club!
You die...

.## ..# ...#####...
....##.....
################........
................@O>.....
###############..o####.#
#..∩# # ###..### #
.#....... # ⌠........
### .#....... ..#
#.#.o... ..## #.#...oo


You could see a two-headed ogre and an orc.

Vanquished Creatures
  Sigmund (D:3)
  A necrophage (D:5)
  2 orc priests
  A hound (D:5)
  3 orc wizards
  3 adders
  3 white imps
  An ufetubus (D:4)
  2 dart slugs (D:4)
  12 orcs
  3 endoplasms
  3 giant cockroaches
  4 hobgoblins
  4 kobolds
  4 quokkas
  6 ball pythons
  2 bats (D:3)
  2 frilled lizards (D:3)
  6 goblins
  A rat (D:2)
64 creatures vanquished.

Notes
Turn   | Place    | Note
-------+----------+-------------------------------------------
     0 | D:5      | wormed the Kobold Delver began the quest for the Orb.
     0 | D:5      | Reached XP level 1. HP: 14/14 MP: 1/1
    83 | D:5      | Noticed a two-headed ogre
    85 | D:5      | Noticed a scorpion
   112 | D:4      | Found Pukeym's Distillery.
   114 | D:4      | Found a shimmering blue altar of Sif Muna.
   362 | D:4      | Reached XP level 2. HP: 13/19 MP: 2/2
   551 | D:4      | Reached XP level 3. HP: 23/23 MP: 3/3
   742 | D:4      | Noticed an ogre
   877 | D:3      | Found a white marble altar of Elyvilon.
   916 | D:3      | Found a radiant altar of Vehumet.
   920 | D:3      | Found a hazy altar of Hepliaklqana.
   920 | D:3      | Found a bloodstained altar of Trog.
   966 | D:3      | Found an iron altar of Okawaru.
  1060 | D:3      | Reached skill level 7 in Stealth
  1060 | D:3      | Reached XP level 4. HP: 21/29 MP: 4/4
  1098 | D:3      | Noticed Sigmund
  1849 | D:3      | Killed Sigmund
  1850 | D:3      | Reached skill level 5 in Short Blades
  1850 | D:3      | Reached XP level 5. HP: 15/33 MP: 5/5
  1850 | D:3      | Reached XP level 6. HP: 17/38 MP: 6/6
  2130 | D:3      | Found a runed translucent gate.
  2131 | D:3      | Found a runed translucent gate.
  2365 | D:3      | Found a runed translucent gate.
  3435 | D:5      | Reached XP level 7. HP: 44/44 MP: 7/7
  3497 | D:5      | Identified the +1 leather armour of Muttered Phrases
                  | {Regen+ Dex+4}
  3778 | D:5      | Found a runed translucent gate.
  3779 | D:5      | Found a runed translucent gate.
  3780 | D:5      | Found a runed translucent gate.
  3781 | D:5      | Noticed Wiilli's ghost (amateur GrEE)
  4096 | D:5      | Reached skill level 8 in Stealth
  4340 | D:6      | Found Fynk's Magic Scroll Emporium.
  4345 | D:6      | Noticed a two-headed ogre
  4358 | D:6      | Slain by a two-headed ogre

Illustrated notes

Levels and vault maps discovered:
D:2:      layout_loops_ring
D:3:      layout_basic, general_overflow_altar,
          chequers_temple_overflow_statue_of_worship, gammafunk_ghost_icy,
          uniq_sigmund
D:4:      minmay_skewed_foursquare, layout_layer_cave,
          nicolae_sif_muna_condensation, serial_shops, shop,
          minmay_fractal_squares_gapless_5
D:5:      layout_cave_pools, gammafunk_ghost_split, kennysheep_decorative_pillar
D:6:      gammafunk_cloud_chamber, layout_rooms, minmay_temple_entry_crystal_x,
          serial_shops, shop, shop_fountains, nicolae_shop_stone

Skill      XL: |  1  2  3  4  5  6  7 |
---------------+----------------------+-----
Short Blades   | 3 5 6 |  6.6
Dodging        | 3 4 |  4.6
Stealth        | 7 8 |  8.1
Fighting       | 4 |  4.8

Action                   |  1- 3 |  4- 6 |  7- 9 || total
-------------------------+-------+-------+-------++-------
Melee: Short sword       |    77 |   138 |    88 ||   303
  Use: Scroll            |     1 |     1 |       ||     2
 Stab: Sleeping          |    12 |    14 |     2 ||    28
       Distracted        |     1 |     1 |       ||     2
Armor: Leather armour    |    15 |    17 |    15 ||    47
Dodge: Dodged            |    49 |    97 |    36 ||   182
Block: Other             |       |    21 |    11 ||    32
       Reflection        |       |       |     1 ||     1

Table legend: (Time is in decaauts)
 A = Elapsed time spent in this place.
 B = Non-inter-level travel time spent in this place.
 C = Inter-level travel time spent in this place.
 D = Time resting spent in this place.
 E = Time spent auto-exploring this place.
 F = Levels seen in this place.
 G = Mean time per level.
                   A        B        C        D        E       F      G
               +--------+--------+--------+--------+--------+-----+--------+
         Total |   4282 |   4129 |    153 |      0 |   3392 |   5 |  856.4 |
       Dungeon |   4282 |   4129 |    153 |      0 |   3392 |   5 |  856.4 |
               +--------+--------+--------+--------+--------+-----+--------+

Top non-repeatable levels by time:
     D:3: 1258 daAuts
     D:4: 1246 daAuts
     D:5: 967 daAuts
     D:2: 732 daAuts
     D:6: 77 daAuts
